Map: Dusk Towers

Players

ShoWTimE - Winner!

  • Race: Protoss Protoss
  • League: Grandmaster

AcerBly (Bly)

  • Race: Zerg Zerg
  • League: Grandmaster

Event: 2016 WCS Winter Challenger Europe

VOD

https://www.youtube.com/watch?v=NaUuBXnSTvM

Description

Time

  • Played on: Feb. 13, 2016, 11:46 a.m.
  • Length: 17:15

All games in this series

Show
View Real Time Build Order
Export as new Build Order

ShoWTimE Protoss - Winner!

Build Orders: Nexus First, Phoenix Opening, Zealot Archon 

Get SALT Encoding   

  12  0:01  Probe (Chrono Boost)  
  13  0:11  Probe (Chrono Boost)  
  14  0:19  Pylon  
  14  0:22  Probe (Chrono Boost)  
  15  0:37  Probe (Chrono Boost)  
  16  0:48  Probe (Chrono Boost)  
  17  0:58  Probe (Chrono Boost)  
  17  1:03  Nexus  
  18  1:13  Gateway  
  18  1:16  Probe (Chrono Boost)  
  19  1:24  Pylon  
  19  1:26  Probe (Chrono Boost)  
  19  1:32  Assimilator  
  20  1:38  Assimilator  
  20  1:39  Probe (Chrono Boost)  
  21  1:50  Probe (Chrono Boost)  
  22  2:01  Probe (Chrono Boost)  
  23  2:04  Cybernetics Core  
  23  2:11  Probe (Chrono Boost), Zealot  
  26  2:16  Probe (Chrono Boost)  
  26  2:22  Probe (Chrono Boost)  
  28  2:27  Probe (Chrono Boost)  
  29  2:32  Probe (Chrono Boost), Pylon  
  30  2:37  Probe (Chrono Boost)  
  30  2:43  Probe (Chrono Boost)  
  32  2:44  Stargate  
  32  2:46  Warp Gate  
  32  2:48  Probe (Chrono Boost)  
  33  2:53  Probe (Chrono Boost), Adept  
  36  2:58  Probe (Chrono Boost)  
  36  3:04  Probe (Chrono Boost), Pylon  
  38  3:09  Probe (Chrono Boost)  
  39  3:15  Mothership Core (Chrono Boost)  
  39  3:19  Probe (Chrono Boost)  
  42  3:29  Nexus  
  42  3:30  Probe (Chrono Boost)  
  45  3:34  Phoenix (Chrono Boost)  
  45  3:37  Probe (Chrono Boost)  
  45  3:41  Probe (Chrono Boost)  
  47  3:44  Pylon  
  47  3:47  Probe (Chrono Boost)  
  48  3:50  Probe (Chrono Boost)  
  48  3:54  Assimilator x2  
  49  3:59  Probe  
  49  4:00  Probe  
  49  4:01  Phoenix (Chrono Boost)  
  53  4:07  Forge  
  53  4:10  Probe  
  53  4:11  Probe  
  53  4:15  Pylon  
  55  4:21  Probe  
  55  4:23  Probe, Phoenix (Chrono Boost)  
  59  4:31  Probe  
  59  4:35  Probe  
  59  4:37  Protoss Ground Weapons Level 1 (Chrono Boost)  
  61  4:40  Probe  
  61  4:42  Probe  
  61  4:44  Phoenix (Chrono Boost)  
  65  4:47  Probe  
  65  4:51  Probe, Robotics Facility  
  67  4:53  Probe  
  67  4:54  Robotics Facility  
  67  4:59  Probe  
  69  5:01  Probe  
  69  5:03  Probe  
  69  5:06  Phoenix (Chrono Boost)  
  73  5:11  Probe  
  73  5:12  Probe  
  73  5:14  Probe  
  75  5:15  Pylon  
  75  5:20  Sentry, Gateway  
  78  5:22  Probe, Gateway  
  78  5:23  Probe  
  78  5:27  Phoenix (Chrono Boost)  
  82  5:36  Probe x2  
  82  5:38  Probe, Assimilator x2  
  85  5:43  Immortal x2 (Chrono Boost)  
  85  5:45  Pylon  
  93  5:50  Twilight Council  
  93  5:58  Pylon  
  93  6:03  Probe  
  94  6:06  Gateway  
  94  6:08  Gateway  
  94  6:11  Gateway  
  94  6:12  Gateway  
  94  6:14  Protoss Ground Weapons Level 2, Gateway x2  
  94  6:20  Immortal (Chrono Boost)  
  94  6:21  Immortal (Chrono Boost)  
  102  6:26  Probe  
  102  6:29  Charge (Chrono Boost)  
  103  6:39  Gateway  
  103  6:41  Pylon  
  103  6:43  Templar Archives  
  103  6:48  Pylon  
  103  6:49  Zealot  
  103  6:50  Zealot x2  
  109  6:55  Pylon  
  109  6:56  Observer  
  109  7:00  Warp Prism  
  110  7:17  Photon Cannon  
  110  7:19  Pylon  
  110  7:20  Nexus  
  110  7:21  High Templar  
  110  7:22  Pylon, High Templar x3  
  118  7:25  Pylon  
  118  7:26  Archon x2  
  118  7:32  Zealot  
  118  7:33  Photon Cannon  
  118  7:36  High Templar  
  118  7:37  Zealot x3, High Templar  
  124  7:40  Photon Cannon  
  124  7:42  Pylon  
  124  7:43  Archon  
  130  8:02  High Templar  
  130  8:03  Zealot x5, High Templar  
  130  8:04  Zealot  
  146  8:08  Pylon  
  146  8:09  Archon, Pylon  
  146  8:10  Zealot x2  
  150  8:14  Pylon  
  148  8:35  Stalker x4  
  148  8:38  Stalker  
  158  8:45  Stalker  
  160  8:48  High Templar  
  160  8:49  High Templar  
  164  8:55  Stalker x2, Nexus  
  164  8:59  Archon  
  168  9:04  Zealot  
  168  9:05  Zealot x4  
  178  9:12  Sentry  
  180  9:29  Probe (Chrono Boost)  
  180  9:31  Fleet Beacon, Protoss Ground Weapons Level 3 (Chrono Boost), Assimilator  
  181  9:35  Assimilator  
  181  9:37  Probe (Chrono Boost)  
  183  9:38  Probe (Chrono Boost)  
  183  9:55  Nexus  
  183  9:56  Pylon  
  183  9:57  Pylon  
  183  10:16  Tempest (Chrono Boost)  
  187  10:21  Zealot  
  187  10:22  Zealot x2  
  193  10:36  Anion Pulse-Crystals  
  193  10:39  Stargate  
  193  10:42  Immortal  
  197  10:43  Stargate  
  197  10:48  Observer  
  196  10:57  Protoss Air Weapons Level 1  
  196  11:05  Tempest  
  196  11:07  Blink  
  200  11:15  Nexus  
  200  11:16  Pylon  
  196  11:35  Photon Cannon  
  190  11:48  Tempest (Chrono Boost)  
  190  11:49  Tempest (Chrono Boost)  
  190  11:50  Zealot  
  198  11:56  Tempest (Chrono Boost)  
  195  12:03  Psionic Storm  
  195  12:13  Protoss Ground Armor Level 1  
  191  12:30  Tempest  
  195  12:40  Zealot  
  195  12:41  Zealot  
  199  12:46  Pylon, Photon Cannon, Tempest  
  199  12:47  Warp Prism, Photon Cannon  
  199  12:49  Photon Cannon  
  193  12:52  Tempest  
  193  12:53  High Templar  
  199  13:01  High Templar x2  
  197  13:06  Assimilator  
  197  13:08  Oracle  
  197  13:10  Assimilator  
  197  13:14  Photon Cannon  
  197  13:15  High Templar x2  
  196  13:20  High Templar x2  
  198  13:55  High Templar x4  
  196  13:58  Stalker x2  
  196  13:59  Archon  
  196  14:00  Archon  
  182  14:11  Observer  
  182  14:14  Zealot x4  
  182  14:16  Tempest x3  
  179  14:22  Stalker  
  179  14:23  Stalker  
  187  14:32  Zealot x4  
  187  14:37  Observer  
  182  14:42  Zealot x4  
  170  14:53  Zealot x3  
  170  14:54  Zealot x2  
  173  15:06  Nexus  
  155  15:18  High Templar x4  
  163  15:22  Zealot x3  
  163  15:23  Zealot  
  163  15:24  Archon x2  
  171  15:31  Zealot x2  
  171  15:40  Phoenix (Chrono Boost)  
  171  15:41  Pylon x2, Phoenix (Chrono Boost)  
  169  15:46  Phoenix (Chrono Boost)  
  169  15:51  High Templar x3  
  169  15:52  Zealot x2, High Templar  
  169  15:53  Zealot  
  183  15:57  Archon x2  
  183  16:03  Zealot x2, Phoenix (Chrono Boost)  
  183  16:04  Zealot, Phoenix (Chrono Boost)  
  190  16:10  Phoenix (Chrono Boost)  
  185  16:25  Phoenix (Chrono Boost)  
  187  16:26  Phoenix (Chrono Boost)  
  187  16:32  Phoenix (Chrono Boost)  
  185  16:46  High Templar x2  
  185  16:47  Phoenix x2 (Chrono Boost)  
  189  16:51  Archon  
  189  16:53  Phoenix (Chrono Boost)  
  184  17:04  Stalker x3  
  176  17:10  Stalker  
  176  17:11  Stalker  
Show
View Real Time Build Order
Export as new Build Order

AcerBly Zerg 

Build Orders: Hatch First, Lurkers 

Get SALT Encoding   

  12  0:00  Drone  
  13  0:13  Overlord  
  13  0:17  Drone  
  14  0:31  Drone x2  
  16  0:35  Drone  
  17  0:52  Hatchery  
  16  1:00  Drone x2  
  18  1:14  Spawning Pool  
  17  1:22  Drone  
  18  1:29  Drone  
  19  1:38  Drone  
  20  1:50  Overlord  
  20  2:04  Zergling x4, Queen  
  20  2:07  Queen  
  26  2:13  Hatchery  
  25  2:18  Drone x2  
  27  2:24  Drone  
  27  2:26  Drone  
  27  2:28  Drone  
  30  2:36  Drone  
  31  2:44  Queen  
  31  2:45  Queen  
  31  2:49  Overlord  
  35  2:56  Drone  
  36  3:08  Drone  
  36  3:09  Drone x4  
  36  3:12  Overlord  
  41  3:13  Drone x2  
  41  3:19  Overlord  
  43  3:24  Drone  
  43  3:30  Overlord  
  43  3:35  Extractor x2  
  43  3:38  Drone x6  
  47  3:47  Overlord  
  47  3:54  Drone x3  
  50  3:55  Queen  
  50  3:58  Drone x6  
  50  4:02  Extractor  
  57  4:08  Queen  
  59  4:15  Drone x2  
  59  4:16  Drone x3  
  64  4:17  Overlord  
  64  4:22  Drone  
  65  4:25  Metabolic Boost  
  65  4:28  Queen  
  65  4:31  Extractor  
  66  4:34  Drone x5  
  66  4:35  Drone  
  72  4:43  Lair  
  72  4:45  Drone  
  73  4:54  Hatchery  
  73  4:55  Spore Crawler  
  73  4:57  Spore Crawler  
  69  5:05  Drone x4  
  69  5:06  Drone x2  
  73  5:20  Overlord  
  72  5:34  Drone  
  72  5:35  Overlord x3  
  73  5:41  Overlord x2, Drone x8  
  73  5:42  Extractor x2  
  80  5:44  Spire  
  80  5:46  Hydralisk Den  
  77  5:52  Spore Crawler  
  77  5:55  Drone x7  
  77  5:56  Drone x2  
  85  6:03  Evolution Chamber  
  84  6:10  Drone x2  
  86  6:12  Drone x2  
  86  6:13  Drone x6  
  86  6:18  Overlord  
  92  6:24  Drone x4  
  94  6:27  Lurker Den  
  94  6:28  Overlord  
  94  6:30  Zerg Melee Weapons Level 1  
  94  6:36  Spore Crawler  
  93  6:41  Drone x2  
  93  6:43  Drone x2  
  93  6:44  Drone x2  
  99  6:55  Spore Crawler  
  99  6:56  Corruptor x6  
  99  6:59  Corruptor x2  
  111  7:11  Drone x2  
  111  7:12  Extractor  
  111  7:13  Extractor  
  111  7:19  Hydralisk x6  
  111  7:20  Hydralisk  
  125  7:26  Hydralisk x4  
  125  7:27  Hatchery  
  125  7:29  Hydralisk  
  134  7:33  Hydralisk  
  136  7:44  Infestation Pit, Zergling x2  
  135  7:46  Overlord x3  
  135  7:47  Overlord x4  
  135  7:48  Overlord  
  136  8:05  Lurker x2  
  138  8:06  Lurker x2  
  138  8:07  Lurker, Zergling x2  
  138  8:08  Zergling x30  
  158  8:13  Lurker  
  158  8:14  Overseer  
  158  8:17  Spore Crawler  
  157  8:21  Spore Crawler  
  148  8:40  Hydralisk x5  
  148  8:41  Hydralisk x4  
  153  9:01  Zergling x14  
  153  9:02  Zerg Melee Weapons Level 2  
  160  9:03  Hive  
  151  9:24  Spore Crawler  
  151  9:27  Spore Crawler  
  151  9:29  Hydralisk  
  151  9:30  Hydralisk x3  
  157  9:39  Drone x2  
  151  10:00  Corruptor  
  151  10:01  Corruptor x5  
  151  10:03  Hatchery, Muscular Augments  
  162  10:17  Zergling x14  
  162  10:18  Zergling x2  
  170  10:23  Hatchery  
  162  10:33  Greater Spire  
  162  10:37  Hatchery  
  162  10:38  Lurker x3  
  162  10:40  Zergling x12  
  168  10:48  Queen x3  
  171  11:07  Overlord x2  
  171  11:15  Spore Crawler  
  171  11:16  Drone, Hatchery  
  170  11:20  Zergling x2  
  170  11:21  Zergling x10  
  173  11:36  Queen x2  
  171  11:47  Brood Lord x3  
  171  11:48  Brood Lord x3  
  171  11:51  Viper x3  
  186  12:12  Hatchery  
  186  12:14  Overlord  
  186  12:15  Queen  
  187  12:20  Zergling x12  
  187  12:21  Zergling x16  
  187  12:22  Adrenal Glands, Zerg Melee Weapons Level 3  
  199  12:39  Hatchery  
  197  12:54  Corruptor  
  198  13:14  Extractor, Zergling x4  
  199  13:29  Extractor  
  191  13:34  Extractor  
  191  13:39  Hatchery  
  188  13:44  Zerg Flyer Weapons Level 1  
  188  13:45  Hatchery  
  188  13:46  Zergling x22  
  188  13:47  Zergling x2  
  176  14:20  Viper x3  
  160  14:40  Zergling x4  
  160  14:41  Zergling x12  
  119  15:13  Mutalisk x7  
  119  15:14  Mutalisk x2  
  94  15:15  Mutalisk x2  
  94  15:16  Mutalisk x3  
  94  15:18  Mutalisk x3  
  126  15:22  Viper, Mutalisk x2  
  130  15:29  Mutalisk  
  130  15:30  Mutalisk x4  
  130  15:31  Queen x3  
  130  15:35  Mutalisk x3  
  144  15:36  Mutalisk, Spore Crawler  
  144  15:38  Spore Crawler  
  149  15:47  Mutalisk x4  
  147  16:00  Mutalisk x2  
  150  16:10  Mutalisk x2  
  144  16:12  Zergling x6  
  144  16:17  Hatchery  
  138  16:31  Lurker x2  
  138  16:32  Lurker x3  
  143  16:35  Mutalisk  
Tags
 
Add a new tag
Caveats
  • Supply blocks, unpowered buildings, or Contaminate may cause inaccurate times.
  • Supply counts are checked every 10 seconds.